 Dungeon Crawl Stone Soup version 0.29-a0-757-g358383bc75 (webtiles) character file.

Game seed: 2657087279329544283

2 RancidPinata the Cudgeller (level 1, -1/12 HPs)
             Began as a Gargoyle Gladiator on June 30, 2022.
             Frozen to death by an endoplasm (3 damage)
             ... on level 1 of the Dungeon.
             The game lasted 00:00:34 (203 turns).

RancidPinata the Cudgeller (Gargoyle Gladiator)      Turns: 203, Time: 00:00:34

Health: -1/12      AC:  6    Str: 17    XL:     1   Next: 30%
Magic:  1/1        EV: 12    Int:  8    God:
Gold:   14         SH:  0    Dex: 11    Spells: 0/0 levels left

rFire   . . .      SeeInvis .   a - +0 flail
rCold   . . .      Faith    .   (no shield)
rNeg    + . .      Spirit   .   b - +0 leather armour
rPois   ∞          Reflect  .   c - +0 helmet
rElec   +          Harm     .   (no cloak)
rCorr   .          Rampage  .   (no gloves)
Will    .....                   (no boots)
Stlth   +.........              (no amulet)
HPRegen 0.04/turn               (no ring)
MPRegen 0.07/turn               (no ring)

@: no status effects
A: sickness immunity, AC +2, negative energy resistance 1, electricity
resistance, torment resistance 1, petrification resistance
a: no special abilities


You were on level 1 of the Dungeon.
You visited 1 branch of the dungeon, and saw 1 of its levels.

You collected 14 gold pieces.

Inventory:

Hand Weapons
 a - a +0 flail (weapon)
Missiles
 d - 3 throwing nets (quivered)
 e - a javelin
Armour
 b - a +0 leather armour (worn)
 c - a +0 helmet (worn)
Potions
 f - a potion of cancellation {unknown}
 g - a potion of brilliance {unknown}


   Skills:
 * Level 2.2 Fighting
 * Level 3.0 Maces & Flails
 + Level 1.7 Throwing
 + Level 0.0 Armour
 + Level 2.4 Dodging


You couldn't memorise any spells.
You didn't know any spells.
Your spell library was empty.

Dungeon Overview and Level Annotations

Branches:
Dungeon (1/15)

Altars:


Innate Abilities, Weirdness & Mutations

You are immune to sickness and miasma.
Your stone body is resilient. (AC +2)
You are immune to poison.
You resist negative energy. (rN+)
You are resistant to electric shocks. (rElec)
You are resistant to unholy torment.
You are immune to petrification.


Message History

The endoplasm quivers.
You sock the endoplasm!
You kill the endoplasm!
Found a stone staircase leading down.
A frilled lizard comes into view.
The frilled lizard hisses angrily.
You now have 14 gold pieces.
There are no items here.
You barely miss the frilled lizard. The frilled lizard bites you.
You barely miss the frilled lizard. The frilled lizard barely misses you.
You hit the frilled lizard.
You kill the frilled lizard!
You see here a frilled lizard corpse.
Found a fizzy golden potion.
You start waiting.
Done waiting.
g - a fizzy golden potion As you open the door, it creaks loudly!
A hobgoblin comes into view.
A kobold comes into view. It is wielding a +0 club.
There is an open door here.
The kobold throws a stone.
The stone closely misses you.
There is an open door here.
The kobold throws a stone.
The stone barely misses you.
An endoplasm comes into view.
The endoplasm quivers.
The hobgoblin hits you.
You barely miss the hobgoblin.
The hobgoblin hits you but does no damage.
You closely miss the hobgoblin.
The hobgoblin hits you but does no damage.
The kobold attacks as you move away! The kobold hits you with a +0 club.
The endoplasm hits you but does no damage.
The endoplasm attacks as you move away! The endoplasm hits you.
The hobgoblin attacks as you move away! The hobgoblin hits you.
* * * LOW HITPOINT WARNING * * *
You barely miss the endoplasm. The endoplasm freezes you.
You are frozen.
You die...

..^.............†......
.######.........##.####
#..#########.#### #..#
#.#... #..# #.#... #..#
#.#... ##.# #.####
#.#######K## #.#...
#......@Jg.# #.#.##
####...###.# #.#.#
#.... .+ #.# #.... .#
#.# #.... .. #.# ####.
.. #.## #. ..# #... #.
####


You could see an endoplasm, a hobgoblin and a kobold.

Vanquished Creatures
  An endoplasm (D:1)
  A frilled lizard (D:1)
2 creatures vanquished.

Notes
Turn   | Place    | Note
-------+----------+-------------------------------------------
     0 | D:1      | RancidPinata the Gargoyle Gladiator began the quest for the
                  | Orb.
     0 | D:1      | Reached XP level 1. HP: 12/12 MP: 1/1
   203 | D:1      | Frozen to death by an endoplasm

Illustrated notes

Levels and vault maps discovered:
D:1:      lightli_arrival_noodles, layout_basic,
          hellmonk_ecumenical_altar_pennies_from_heaven, lexackson_kobold_supper

Action                   || total
-------------------------++-------
Melee: Flail             ||     7
Armor: Leather armour    ||     3
Dodge: Dodged            ||     3

Table legend: (Time is in decaauts)
 A = Elapsed time spent in this place.
 B = Non-inter-level travel time spent in this place.
 C = Inter-level travel time spent in this place.
 D = Time resting spent in this place.
 E = Time spent auto-exploring this place.
 F = Levels seen in this place.
 G = Mean time per level.
                   A        B        C        D        E       F      G
               +--------+--------+--------+--------+--------+-----+--------+
         Total |    204 |    204 |      0 |    100 |     47 |   1 |  204.0 |
       Dungeon |    204 |    204 |      0 |    100 |     47 |   1 |  204.0 |
               +--------+--------+--------+--------+--------+-----+--------+

Top non-repeatable levels by time:
     D:1: 204 daAuts
